 Dungeon Crawl Stone Soup version 0.22-a0-407-gb098539 (webtiles) character file.

259 galech the Shooter (level 6, -4/47 HPs)
             Began as a Gnoll Wanderer on May 9, 2018.
             Killed by divine providence
             ... invoked by an orc priest
              (10 damage)
             ... on level 4 of the Dungeon.
             The game lasted 00:05:13 (2813 turns).

galech the Shooter (Gnoll Wanderer)                 Turns: 2813, Time: 00:05:14

Health: -4/47      AC:  9    Str: 17    XL:     6   Next: 17%
Magic:  9/9        EV: 12    Int: 19    God:
Gold:   214        SH:  7    Dex: 18    Spells: 8/8 levels left

rFire    . . .     SeeInvis +   c - +0 mace
rCold    . . .     Gourm    .   e - +2 buckler
rNeg     . . .     Faith    .   d - +0 ring mail
rPois    .         Spirit   .   y - +2 helmet of Generosity {-Tele Int+6 Dex+3 SInv}
rElec    .         Reflect  .   l - +0 cloak
rCorr    .         Harm     +   (no gloves)
MR       .....     NoTele   +   (no boots)
Stlth    ++........             j - amulet of harm
HPRegen  0.15/turn              (no ring)
MPRegen  0.11/turn              (no ring)

@: no status effects
A: distributed training, fangs 1, strong nose
a: no special abilities


You were on level 4 of the Dungeon.
You were not hungry.

You visited 1 branch of the dungeon, and saw 4 of its levels.

You collected 214 gold pieces.

Inventory:

Hand Weapons
 a - a +2 shortbow
 c - a +0 mace (weapon)
 m - a +0 hunting sling
Missiles
 b - 14 arrows
 o - 53 bolts
 q - 81 stones (quivered)
Armour
 d - a +0 ring mail (worn)
 e - a +2 buckler (worn)
 g - a +0 shield
 l - a +0 cloak (worn)
 y - the +2 helmet of Generosity (worn) {-Tele Int+6 Dex+3 SInv}
   (You took it off Robin on level 3 of the Dungeon)

   It affects your intelligence (+6).
   It affects your dexterity (+3).
   It lets you see invisible.
   It prevents most forms of teleportation.
Jewellery
 j - an amulet of harm (around neck)
Wands
 r - a wand of flame (14)
 x - a wand of iceblast (10)
Scrolls
 i - a scroll of fog {unknown}
 k - 2 scrolls of identify {unknown}
 n - 4 scrolls of remove curse {unknown}
 s - a scroll of magic mapping {unknown}
 t - 2 scrolls of blinking {unknown}
 u - a scroll of amnesia {unknown}
 v - a scroll of fear {unknown}
 w - a scroll of teleportation {unknown}
Potions
 h - a potion of curing
 p - a potion of brilliance {unknown}
 A - a potion of flight {unknown}
Comestibles
 f - 3 rations
 z - 4 chunks of flesh


   Skills:
 + Level 3.1 Fighting
 + Level 1.8 Short Blades
 + Level 1.8 Long Blades
 + Level 1.8 Axes
 + Level 1.8 Maces & Flails
 + Level 3.1 Polearms
 + Level 1.8 Staves
 + Level 1.8 Slings
 + Level 6.8 Bows
 + Level 1.8 Crossbows
 + Level 1.8 Throwing
 + Level 3.1 Armour
 + Level 3.1 Dodging
 + Level 3.0 Stealth
 + Level 1.8 Shields
 + Level 1.8 Unarmed Combat
 + Level 1.8 Spellcasting
 + Level 1.4 Conjurations
 + Level 1.4 Hexes
 + Level 1.4 Charms
 + Level 1.4 Summonings
 + Level 1.4 Necromancy
 + Level 1.4 Translocations
 + Level 1.4 Transmutations
 + Level 1.4 Fire Magic
 + Level 1.4 Ice Magic
 + Level 1.4 Air Magic
 + Level 1.4 Earth Magic
 + Level 1.4 Poison Magic
 + Level 2.0 Invocations
 + Level 4.9 Evocations


You had 8 spell levels left.
You didn't know any spells.

Dungeon Overview and Level Annotations

Branches:
Dungeon (4/15)
 Temple: D:4-7

Altars:
Fedhas

Annotations:
D:4 Soeti's ghost, amateur OpTm


Innate Abilities, Weirdness & Mutations

Your experience applies equally to all skills.
You have very sharp teeth.
Your uncanny sense of smell can sniff out nearby items.


Message History

An orc priest comes into view. It is wielding a falchion.
The orc priest shouts!
You thump Soeti's ghost! Your bite misses Soeti's ghost.
Soeti's ghost is severely damaged.
Soeti's ghost hits you.
The orc priest hits you but does no damage.
The orc hits you but does no damage.
Soeti's ghost says, "What's the hurry?
You'll die anyway."
Soeti's ghost completely misses you. You block the orc priest's attack.
The orc barely misses you. The orc priest hits you with a whip.
The orc wizard casts a spell.
The orc wizard flickers and vanishes for a moment.
The orc priest calls down the wrath of Beogh upon you.
Beogh smites you!
* * * LOW HITPOINT WARNING * * *
The orc priest invokes the aid of Beogh against you.
Beogh smites you!
You die...

.... #.### .^... ....
......###.# ∆ ).......†.#
......###÷### #####
#...############
#.#...W..$......
###############.###o.........#
##..........#.@.ooW.o########.#
##..)..........##.#####
#...)<.........##.#
#....).........##.#
#..............##.#
#..............##.#
#......<.......##.#
##............###.#
##..........##


You could see an orc priest, an orc wizard (invisible), Soeti's ghost and 2
orcs.

Vanquished Creatures
  Ijyb (D:3)
  Jessica (D:2)
  Terence (D:3)
  Robin (D:3)
  4 gnolls
  5 adders
  A worm (D:2)
  3 dart slugs
  6 leopard geckos
  An orc (D:3)
  7 bats
  5 giant cockroaches
  5 hobgoblins
  3 jackals (D:1)
  A quokka (D:3)
  A ball python (D:4)
  4 frilled lizards
  11 goblins
  6 kobolds
  10 rats
77 creatures vanquished.

Notes
Turn   | Place    | Note
-------+----------+-------------------------------------------
     0 | D:1      | galech the Gnoll Wanderer began the quest for the Orb.
     0 | D:1      | galech set off with: a +2 shortbow, 24 arrows, a +0 mace, a +0 ring mail, a ration
     0 | D:1      | Reached XP level 1. HP: 17/17 MP: 3/3
    66 | D:1      | Reached XP level 2. HP: 23/23 MP: 5/5
   186 | D:1      | Reached XP level 3. HP: 28/28 MP: 6/6
   540 | D:2      | Reached skill level 1 in Invocations
   692 | D:2      | Noticed Jessica
   696 | D:2      | Killed Jessica
   696 | D:2      | Reached skill level 1 in Short Blades
   696 | D:2      | Reached skill level 1 in Long Blades
   696 | D:2      | Reached skill level 1 in Axes
   696 | D:2      | Reached skill level 1 in Maces & Flails
   696 | D:2      | Reached skill level 1 in Staves
   696 | D:2      | Reached skill level 1 in Slings
   696 | D:2      | Reached skill level 1 in Crossbows
   696 | D:2      | Reached skill level 1 in Throwing
   696 | D:2      | Reached skill level 1 in Shields
   696 | D:2      | Reached skill level 1 in Unarmed Combat
   696 | D:2      | Reached skill level 1 in Spellcasting
   696 | D:2      | Reached XP level 4. HP: 34/34 MP: 7/7
  1042 | D:2      | Reached skill level 1 in Conjurations
  1042 | D:2      | Reached skill level 1 in Hexes
  1042 | D:2      | Reached skill level 1 in Charms
  1042 | D:2      | Reached skill level 1 in Summonings
  1042 | D:2      | Reached skill level 1 in Necromancy
  1042 | D:2      | Reached skill level 1 in Translocations
  1042 | D:2      | Reached skill level 1 in Transmutations
  1042 | D:2      | Reached skill level 1 in Fire Magic
  1042 | D:2      | Reached skill level 1 in Ice Magic
  1042 | D:2      | Reached skill level 1 in Air Magic
  1042 | D:2      | Reached skill level 1 in Earth Magic
  1042 | D:2      | Reached skill level 1 in Poison Magic
  1214 | D:3      | Found a faded altar of an unknown god.
  1214 | D:3      | Noticed Ijyb
  1233 | D:3      | Killed Ijyb
  1233 | D:3      | Reached XP level 5. HP: 35/40 MP: 8/8
  1491 | D:3      | Noticed Terence
  1494 | D:3      | Noticed Robin
  1774 | D:3      | Killed Robin
  2002 | D:3      | Killed Terence
  2014 | D:3      | Got an ancient helmet
  2020 | D:3      | Identified the +2 helmet of Generosity {-Tele Int+6 Dex+3 SInv} (You took it off Robin on level 3 of the Dungeon)
  2438 | D:3      | Found a blossoming altar of Fedhas.
  2535 | D:3      | Reached XP level 6. HP: 30/47 MP: 9/9
  2793 | D:4      | Noticed Soeti's ghost (amateur OpTm)
  2813 | D:4      | Killed from afar by an orc priest

Vault maps used:
D:1:      dpeg_arrival_orchard, hex_medium, serial_bayou_crossing
D:2:      uniq_jessica
D:3:      chequers_ecumenical_altar_simple, fedhas_altar_4, uniq_robin,
          uniq_terence, uniq_ijyb

Skill      XL: |  1  2  3  4  5  6 |
---------------+-------------------+-----
Invocations    | 1 2 |  2.0
Short Blades   | 1 |  1.8
Long Blades    | 1 |  1.8
Axes           | 1 |  1.8
Maces & Flails | 1 |  1.8
Staves         | 1 |  1.8
Slings         | 1 |  1.8
Crossbows      | 1 |  1.8
Throwing       | 1 |  1.8
Shields        | 1 |  1.8
Unarmed Combat | 1 |  1.8
Spellcasting   | 1 |  1.8
Conjurations   | 1 |  1.4
Hexes          | 1 |  1.4
Charms         | 1 |  1.4
Summonings     | 1 |  1.4
Necromancy     | 1 |  1.4
Translocations | 1 |  1.4
Transmutations | 1 |  1.4
Fire Magic     | 1 |  1.4
Ice Magic      | 1 |  1.4
Air Magic      | 1 |  1.4
Earth Magic    | 1 |  1.4
Poison Magic   | 1 |  1.4
Fighting       | 3 |  3.1
Polearms       | 3 |  3.1
Armour         | 3 |  3.1
Dodging        | 3 |  3.1
Stealth        | 3 |  3.0
Bows           | |  6.8
Evocations     | |  4.9

Action                   |  1- 3 |  4- 6 || total
-------------------------+-------+-------++-------
Melee: Mace              |       |   107 ||   107
       Bite              |       |    15 ||    15
 Fire: Shortbow          |    59 |    64 ||   123
 Stab: Sleeping          |       |     1 ||     1
  Eat: Chunk             |       |     3 ||     3
       Ration            |       |     1 ||     1
Armor: Ring mail         |     3 |    56 ||    59
Dodge: Dodged            |     8 |   102 ||   110
Block: Buckler           |       |    20 ||    20

Table legend:
 A = Spawn XP
 B = Non-spawn XP
 C = Spawn XP percentage of total XP
 D = Spawn monster count
 E = Non-spawn monster count
 F = Spawn count percentage of total count
 G = Total turns spent on level
                    A         B        C        D         E        F      G
               +---------+---------+-------+---------+---------+-------+---------
         Total |       0 |     371 |   0.0 |       0 |      77 |   0.0 |  2813
               +---------+---------+-------+---------+---------+-------+---------
           D:1 |       0 |      46 |   0.0 |       0 |      24 |   0.0 |   519
           D:2 |       0 |     104 |   0.0 |       0 |      19 |   0.0 |  1108
           D:3 |       0 |     162 |   0.0 |       0 |      28 |   0.0 |  1047
           D:4 |       0 |      59 |   0.0 |       0 |       6 |   0.0 |   139
               +---------+---------+-------+---------+---------+-------+---------
